 Dungeon Crawl Stone Soup version 0.27.1-1-g398f81649c (webtiles) character file.

Game seed: 835147804171492047

206 loralnil the Digger (level 5, 0/38 HPs)
             Began as a Draconian Earth Elementalist on Sept 20, 2021.
             Slain by Eustachio (8 damage)
             ... on level 4 of the Dungeon.
             The game lasted 00:07:54 (4415 turns).

loralnil the Digger (Draconian Earth Elementalist)  Turns: 4415, Time: 00:07:55

Health: 0/38       AC:  3    Str: 10    XL:     5   Next: 53%
Magic:  0/9        EV: 12    Int: 16    God:
Gold:   154        SH:  0    Dex: 12    Spells: 4/10 levels left

rFire    + . .     SeeInvis .   g - +4 long sword (holy)
rCold    + . .     Faith    .   (no shield)
rNeg     + . .     Spirit   .   (armour unavailable)
rPois    +         Reflect  .   c - -2 hat of the Alchemist {rElec rPois rF+ rC+ rN+ Will+ rMut rCorr}
rElec    +         Harm     .   (no cloak)
rCorr    +         Rampage  .   (no gloves)
rMut     +                      (no boots)
Will     +....                  (no amulet)
Stlth    ++........             (no ring)
HPRegen  0.12/turn              (no ring)
MPRegen  0.11/turn

@: hasted, very quick
A: AC +5, unfitting armour, cold-blooded
a: no special abilities


You were on level 4 of the Dungeon.
You visited 1 branch of the dungeon, and saw 4 of its levels.

You collected 154 gold pieces.

Inventory:

Hand Weapons
 g - a +4 long sword of holy wrath (weapon)
Missiles
 i - 22 stones
Armour
 c - the -2 hat of the Alchemist (worn) {rElec rPois rF+ rC+ rN+ Will+ rMut rCorr}
   (You acquired it on level 3 of the Dungeon)

   rF:        It protects you from fire.
   rC:        It protects you from cold.
   rElec:     It insulates you from electricity.
   rPois:     It protects you from poison.
   rN:        It protects you from negative energy.
   rCorr:     It protects you from acid and corrosion.
   rMut:      It protects you from mutation.
   Will:      It increases your willpower.
Scrolls
 a - a scroll of enchant armour {unknown}
 d - 3 scrolls of teleportation
 j - a scroll of noise {unknown}
Potions
 b - a potion of haste
 e - 2 potions of flight
 h - a potion of heal wounds {unknown}


   Skills:
 - Level 1.7 Dodging
 - Level 1.7 Stealth
 + Level 3.2 Spellcasting
 + Level 2.0 Conjurations
 - Level 1.0 Transmutations
 * Level 5.1 Earth Magic


You had 4 spell levels left.
You knew the following spells:

 Your Spells              Type           Power      Damage    Failure   Level
a - Sandblast             Erth           36%        2d10      2%          1
b - Passwall              Tmut/Erth      10%        N/A       8%          2
c - Stone Arrow           Conj/Erth      28%        3d8       13%         3

Your spell library contained the following spells:

 Spells                   Type           Power      Damage    Failure   Level
 Petrify                  Tmut/Erth      12%        N/A       45%         4
 Gell's Gravitas          Tloc           1%         N/A       50%         3
 Lesser Beckoning         Tloc           1%         N/A       50%         3
 Teleport Other           Tloc           2%         N/A       50%         3
 Blade Hands              Tmut           3%         N/A       97%         5
 Iron Shot                Conj/Erth      7%         9d2       100%        6
 Animate Armour           Summ/Erth      Unusable   N/A       N/A         4

Dungeon Overview and Level Annotations

Branches:
Dungeon (4/15)
 Temple: D:4-7

Altars:
Gozag
Nemelex Xobeh

Shops:
D:1 :

Annotations:
D:4 Eustachio


Innate Abilities, Weirdness & Mutations

Your plain brown scales are hard. (AC +5)
You cannot fit into any form of body armour.
You are cold-blooded and may be slowed by cold attacks.


Message History

Casting: Sandblast (safe; 2% risk of failure)
Confirm with . or Enter, or press ? or * to list all spells.
Aiming: Sandblast (safe; 2% risk of failure)
Press: ? - help, Shift-Dir - straight line, f/p - Eustachio
Aim: Eustachio, wielding a +2 rapier of freezing and wearing a +0 leather armour (moderately wounded, 71% to hit)
The blast of sand misses Eustachio.
Eustachio hits you with a +2 rapier of freezing!
* * * LOW HITPOINT WARNING * * *
Casting: Sandblast (safe; 2% risk of failure)
Confirm with . or Enter, or press ? or * to list all spells.
Aiming: Sandblast (safe; 2% risk of failure)
Press: ? - help, Shift-Dir - straight line, f/p - Eustachio
Aim: Eustachio, wielding a +2 rapier of freezing and wearing a +0 leather armour (moderately wounded, 71% to hit)
The blast of sand hits Eustachio!
Eustachio is severely wounded.
Eustachio gestures wildly while chanting.
You barely miss Eustachio.
Eustachio is severely wounded.
Eustachio barely misses you. The river rat barely misses you.
You riposte.
You hit the river rat.
Your tail-slap misses the river rat.
The river rat is heavily wounded.
You feel yourself speed up. Eustachio barely misses you.
The river rat bites you.
* * * LOW HITPOINT WARNING * * *
You closely miss Eustachio.
Eustachio is severely wounded.
Eustachio barely misses you. The river rat barely misses you.
Casting: Sandblast (safe; 2% risk of failure)
Confirm with . or Enter, or press ? or * to list all spells.
Aiming: Sandblast (safe; 2% risk of failure)
Press: ? - help, Shift-Dir - straight line, f/p - Eustachio
Aim: Eustachio, wielding a +2 rapier of freezing and wearing a +0 leather armour (severely wounded, 71% to hit)
The blast of sand misses Eustachio.
Eustachio completely misses you.
You riposte.
You slash Eustachio!
Your tail-slap misses Eustachio.
Eustachio is almost dead.
The river rat barely misses you.
You hit Eustachio.
Eustachio is almost dead.
Eustachio hits you with a +2 rapier of freezing!
You die...

#########
#.....@.#
#@# #r#
#.# # #.#
#.#####.#
#.......#
######
####.####
.....#
#.#
####.#
#.#


You could see Eustachio and a river rat (summoned).

Vanquished Creatures
  An orc priest (D:3)
  An iguana (D:4)
  A hound skeleton (D:4)
  A howler monkey skeleton (D:4)
  5 adders (D:3)
  An adder skeleton (D:4)
  A worm (D:2)
  2 dart slugs (D:2)
  4 orcs
  6 endoplasms
  3 giant cockroaches
  5 goblins
  8 hobgoblins
  6 jackals
  9 kobolds
  6 ball pythons
  2 bats
  5 frilled lizards
  7 rats
74 creatures vanquished.

Notes
Turn   | Place    | Note
-------+----------+-------------------------------------------
     0 | D:1      | loralnil the Draconian Earth Elementalist began the quest
                  | for the Orb.
     0 | D:1      | Reached XP level 1. HP: 14/14 MP: 3/3
   380 | D:1      | Found Bauh's Book Emporium.
   383 | D:1      | Reached XP level 2. HP: 20/20 MP: 1/5
   446 | D:1      | Found a faded altar of an unknown god.
  1051 | D:1      | Learned a level 2 spell: Passwall
  1274 | D:2      | Reached XP level 3. HP: 26/26 MP: 6/6
  1278 | D:2      | Learned a level 3 spell: Stone Arrow
  1862 | D:2      | Reached skill level 4 in Earth Magic
  2315 | D:3      | Found an opulent altar of Gozag.
  2627 | D:2      | Reached XP level 4. HP: 12/33 MP: 8/8
  2819 | D:3      | Reached skill level 1 in Conjurations
  2946 | D:3      | Found a sparkling altar of Nemelex Xobeh.
  3033 | D:3      | Identified 2 scrolls of acquirement
  3033 | D:3      | Acquired the -2 hat of the Alchemist {rElec rPois rF+ rC+
                  | rN+ Will+ rMut rCorr}
  3033 | D:3      | Found the -2 hat of the Alchemist {rElec rPois rF+ rC+ rN+
                  | Will+ rMut rCorr}
  3041 | D:3      | Acquired a book of Iron
  3293 | D:3      | Reached XP level 5. HP: 36/38 MP: 9/9
  4120 | D:4      | Reached skill level 5 in Earth Magic
  4403 | D:4      | Noticed Eustachio
  4415 | D:4      | Slain by Eustachio

Illustrated notes

Levels and vault maps discovered:
D:1:      dpeg_cavernosity, layout_loops_ring,
          shapermc_ecumenical_altar_mp_urbaneastern, serial_shops,
          nicolae_shop_crystal
D:2:      layout_basic
D:3:      minmay_diamond_boxcup, layout_rooms, grunt_gozag_statues,
          nemelex_altar_shiori, fountainhead, due_unseen_surprise
D:4:      layout_loops_ring, uniq_eustachio

Skill      XL: |  1  2  3  4  5 |
---------------+----------------+-----
Earth Magic    | 4 5 |  5.1
Conjurations   | 1 2 |  2.0
Spellcasting   | 3 |  3.2
Dodging        | |  1.7
Stealth        | |  1.7
Transmutations | |  1.0

Action                   |  1- 3 |  4- 6 || total
-------------------------+-------+-------++-------
Melee: Unarmed           |    43 |       ||    43
       Tailslap          |     7 |     6 ||    13
       Long sword        |    10 |    49 ||    59
 Cast: Sandblast         |    35 |    11 ||    46
       Stone Arrow       |    13 |     8 ||    21
  Use: Scroll            |       |     8 ||     8
       Potion            |       |     1 ||     1
 Stab: Sleeping          |     1 |     2 ||     3
Armor: Skin              |    22 |    17 ||    39
Dodge: Dodged            |    42 |    38 ||    80
       Rpst.: Long sword |     5 |    15 ||    20
